 Dungeon Crawl Stone Soup version 0.29-a0-330-g52719c12eb (webtiles) character file.

Game seed: 17138356678165704356

18 kae the Firebug (level 2, -10/15 HPs)
             Began as a Tengu Fire Elementalist on Apr 14, 2022.
             Mangled by an iguana (11 damage)
             ... on level 3 of the Dungeon.
             The game lasted 00:00:38 (1180 turns).

kae the Firebug (Tengu Fire Elementalist)           Turns: 1180, Time: 00:00:38

Health: -10/15     AC:  2    Str:  8    XL:     2   Next: 70%
Magic:  3/6        EV: 12    Int: 15    God:
Gold:   45         SH:  0    Dex: 14    Spells: 4/5 levels left

rFire   . . .      SeeInvis .   (no weapon)
rCold   . . .      Faith    .   (no shield)
rNeg    . . .      Spirit   .   a - +0 robe
rPois   .          Reflect  .   (helmet restricted)
rElec   .          Harm     .   (no cloak)
rCorr   .          Rampage  .   (no gloves)
Will    .....                   (boots unavailable)
Stlth   ++........              (no amulet)
HPRegen 0.05/turn               (no ring)
MPRegen 0.10/turn               (no ring)

@: no status effects
A: beak, talons 3
a: no special abilities


You were on level 3 of the Dungeon.
You visited 1 branch of the dungeon, and saw 4 of its levels.

You collected 45 gold pieces.

Inventory:

Armour
 a - a +0 robe (worn)
Scrolls
 f - a scroll of amnesia {unknown}
 g - a scroll of teleportation {unknown}
Potions
 b - a potion of magic
 c - a potion of attraction {unknown}
 d - a potion of curing {unknown}
 e - a potion of heal wounds {unknown}
 h - a potion of lignification {unknown}


   Skills:
 - Level 2.1 Dodging
 - Level 2.0 Stealth
 + Level 2.2 Spellcasting
 + Level 2.0 Conjurations
 * Level 3.8 Fire Magic


You had 4 spell levels left.
You knew the following spells:

 Your Spells              Type           Power      Damage    Failure   Level
a - Foxfire               Conj/Fire      40%        2x1d6     6%          1

Your spell library contained the following spells:

 Spells                   Type           Power      Damage    Failure   Level
 Scorch                   Fire           26%        2d6       7%          2
 Conjure Flame            Conj/Fire      10%        6-21      19%         3
 Inner Flame              Hex/Fire       7%         N/A       28%         3
 Flame Wave               Conj/Fire      10%        2d5       54%         4


Dungeon Overview and Level Annotations

Branches:
Dungeon (4/15)
 Temple: D:4-7

Altars:


Innate Abilities, Weirdness & Mutations

You have a beak for a mouth.
You have claws for feet.


Message History

The foxfire hits the rat.
You kill the rat!
Your magical contamination has completely faded away.
You start resting.
Your foxfire dissipates!
You start resting.
Magic restored.
You see here a +0 mace.
The iguana hisses angrily.
Casting: Foxfire (safe; 6% risk of failure)
Confirm with . or Enter, or press ? or * to list all spells.
You don't know that spell.
Casting: Foxfire (safe; 6% risk of failure)
Confirm with . or Enter, or press ? or * to list all spells.
You conjure some foxfire!
The iguana bites you.
The foxfire hits the iguana but does no damage.
The iguana misses you.
The foxfire hits the iguana but does no damage.
The iguana bites you!
Ouch! That really hurt!
* * * LOW HITPOINT WARNING * * *
You see here a rat corpse.
Casting: Foxfire (safe; 6% risk of failure)
Confirm with . or Enter, or press ? or * to list all spells.
You conjure some foxfire!
The iguana barely misses you.
The foxfire hits the iguana.
The iguana is lightly wounded.
The foxfire hits the iguana but does no damage.
The iguana is lightly wounded.
The iguana completely misses you.
Casting: Foxfire (safe; 6% risk of failure)
Confirm with . or Enter, or press ? or * to list all spells.
You conjure some foxfire!
The iguana closely misses you.
The foxfire hits the iguana but does no damage.
The iguana is lightly wounded.
The foxfire hits the iguana.
The iguana is moderately wounded.
The iguana bites you!
Ouch! That really hurt!
You die...

#..# #.## #.#
#.# #### #.#
..# #.#
..#####.# #.#
..:....l####.#
#...@...).#
#.##.######
...# ###.# #.#
..# ###


You could see an iguana.

Vanquished Creatures
  A dart slug (D:1)
  2 endoplasms (D:2)
  2 giant cockroaches (D:1)
  A goblin (D:1)
  2 hobgoblins
  2 ball pythons (D:1)
  A bat (D:2)
  A frilled lizard (D:1)
  A kobold (D:1)
  3 rats
16 creatures vanquished.

Vanquished Creatures (others)
  51 foxfires
51 creatures vanquished.

Grand Total: 67 creatures vanquished

Notes
Turn   | Place    | Note
-------+----------+-------------------------------------------
     0 | D:1      | kae the Tengu Fire Elementalist began the quest for the
                  | Orb.
     0 | D:1      | Reached XP level 1. HP: 10/10 MP: 4/4
   150 | D:1      | Reached XP level 2. HP: 15/15 MP: 3/6
  1039 | D:2      | You fall into a shaft and drop 2 floors!
  1180 | D:3      | Mangled by an iguana

Illustrated notes

Levels and vault maps discovered:
D:1:      nzn_arrival_depleted_hourglass, layout_loops_ring, nrook_uturn
D:2:      layout_basic, basic_altar, nicolae_concentric_dashed_squares_wild,
          interstate_on_off, minmay_tetromino_o2, uniq_robin
D:3:      layout_loops_cross, dreamdust_ecumenical_altar_sealed_demon,
          kennysheep_potato, uniq_crazy_yiuf_cottage, uniq_sigmund
D:4:      layout_loops_ring, makhleb_altar_promises_db, portal_sewer_entry_e,
          nicolae_specific_store, chequers_jeans, uniq_blork_the_orc,
          uniq_edmund, uniq_duvessa

Skill      XL: |  1  2 |
---------------+-------+-----
Conjurations   | 2 |  2.0
Dodging        | |  2.1
Stealth        | |  2.0
Spellcasting   | |  2.2
Fire Magic     | |  3.8

Action                   || total
-------------------------++-------
Melee: Unarmed           ||     5
       Kick              ||     2
       Peck              ||     2
 Cast: Foxfire           ||    28
  Use: Scroll            ||     3
Armor: Robe              ||     4
Dodge: Dodged            ||    12

Table legend: (Time is in decaauts)
 A = Elapsed time spent in this place.
 B = Non-inter-level travel time spent in this place.
 C = Inter-level travel time spent in this place.
 D = Time resting spent in this place.
 E = Time spent auto-exploring this place.
 F = Levels seen in this place.
 G = Mean time per level.
                   A        B        C        D        E       F      G
               +--------+--------+--------+--------+--------+-----+--------+
         Total |   1179 |   1161 |     18 |     12 |   1014 |   4 |  294.8 |
       Dungeon |   1179 |   1161 |     18 |     12 |   1014 |   4 |  294.8 |
               +--------+--------+--------+--------+--------+-----+--------+

Top non-repeatable levels by time:
     D:1: 921 daAuts
     D:3: 119 daAuts
     D:2: 117 daAuts
     D:4: 20 daAuts
